ITL
OTSEGO BULLDOGS @ TRENTON STARS
07/09/2027
 
TOP OF THE 1ST
Otsego Bulldogs batting - Pitching for Trenton Stars : LHP Joseph Byrne
Pitching: LHP Joseph Byrne
Batting: LHB Mario Cornelo 0-0: Ground out 3-1 (Groundball, 34S)
Batting: RHB Ryosei Yamamoto 0-0: Foul Ball, location: 2F
0-1: Ground out 5-3 (Groundball, 56)
Batting: RHB Jorge Cisneros 0-0: Called Strike
0-1: Ball
1-1: Ball
2-1: SINGLE (Groundball, 6MD)
Batting: RHB Jesús Tisnado 0-0: Called Strike
0-1: Foul Ball, location: 2F
0-2: Foul Ball, location: 2F
0-2: Fly out, F8 (Flyball, 8LM)
Top of the 1st over - 0 run(s), 1 hit(s), 0 error(s), 1 left on base; Otsego 0 - Trenton 0
BOTTOM OF THE 1ST
Trenton Stars batting - Pitching for Otsego Bulldogs : LHP Júlio Gracía
Pitching: LHP Júlio Gracía
Batting: SHB Nick Marshall 0-0: Called Strike
0-1: Ball
1-1: Fly out, F8 (Flyball, 8LD)
Batting: RHB Emílio Salas 0-0: Ball
1-0: Called Strike
1-1: Ball
2-1: Ground out 5-3 (Groundball, 56)
Batting: RHB Rafael Canales 0-0: Fly out, F8 (Flyball, 8LXD)
Bottom of the 1st over - 0 run(s), 0 hit(s), 0 error(s), 0 left on base; Otsego 0 - Trenton 0
TOP OF THE 2ND
Otsego Bulldogs batting - Pitching for Trenton Stars : LHP Joseph Byrne
Batting: RHB Patrick Potts 0-0: Ball
1-0: DOUBLE (Groundball, 3L)
Batting: RHB Ramiro Chávez 0-0: Ball
1-0: Called Strike
1-1: Ball
2-1: Fly out, F8 (Flyball, 89XD)
Runner from 2nd tags up, SAFE at 3rd, no throw
Batting: RHB Jim Beck 0-0: Ball
1-0: SINGLE (Groundball, 34D)
Patrick Potts scores
Batting: RHB Kyung-bok Cho 0-0: Ball
1-0: Ball
2-0: Fly out, F8 (Flyball, 8RD)
Batting: RHB José Martínez 0-0: Called Strike
0-1: Swinging Strike
0-2: Strikes out swinging
Top of the 2nd over - 1 run(s), 2 hit(s), 0 error(s), 1 left on base; Otsego 1 - Trenton 0
BOTTOM OF THE 2ND
Trenton Stars batting - Pitching for Otsego Bulldogs : LHP Júlio Gracía
Batting: RHB Ángel Garza 0-0: Foul Ball, location: 2F
0-1: Ball
1-1: Foul Ball, location: 2F
1-2: Ground out 4-3 (Groundball, 4)
Batting: RHB Jonas Uttley 0-0: Called Strike
0-1: Foul Ball, location: 2F
0-2: Foul Ball, location: 2F
0-2: Ball
1-2: Ball
2-2: Ball
3-2: Foul Ball, location: 2F
3-2: Base on Balls
Batting: RHB Rob Bass 0-0: Called Strike
0-1: Ball
1-1: Ball
2-1: Ball
3-1: Foul Ball, location: 2F
3-2: Base on Balls
Jonas Uttley to second
Batting: RHB Clancy Booker 0-0: Fly out, F4 (Popup, 4)
Batting: RHB Gabriel Villegas 0-0: Swinging Strike
0-1: Ball
1-1: Foul Ball, location: 2F
1-2: SINGLE (Line Drive, 89S)
Jonas Uttley to third
Rob Bass to second
Runner from 3rd tries for Home, SAFE, no throw
Batting: RHB Kenji Murayama 0-0: Ball
1-0: Ball
2-0: Fly out, F6 (Line Drive, 6M)
Bottom of the 2nd over - 1 run(s), 1 hit(s), 0 error(s), 2 left on base; Otsego 1 - Trenton 1
TOP OF THE 3RD
Otsego Bulldogs batting - Pitching for Trenton Stars : LHP Joseph Byrne
Batting: LHB Mario Cornelo 0-0: DOUBLE (Line Drive, 7LM)
Batting: RHB Ryosei Yamamoto 0-0: Ball
1-0: Swinging Strike
1-1: Foul Ball, location: 2F
1-2: Foul Ball, location: 2F
1-2: Foul Ball, location: 2F
1-2: DOUBLE (Line Drive, 89D)
Mario Cornelo scores
Batting: RHB Jorge Cisneros 0-0: Fly out, F8 (Flyball, 8RM)
Batting: RHB Jesús Tisnado 0-0: Called Strike
0-1: Called Strike
0-2: Foul Ball, location: 2F
0-2: Fly out, F7 (Flyball, 7)
Batting: RHB Patrick Potts 0-0: Ball
1-0: Ball
2-0: Ground out 3-1 (Groundball, 34)
Top of the 3rd over - 1 run(s), 2 hit(s), 0 error(s), 1 left on base; Otsego 2 - Trenton 1
BOTTOM OF THE 3RD
Trenton Stars batting - Pitching for Otsego Bulldogs : LHP Júlio Gracía
Batting: SHB Nick Marshall 0-0: Called Strike
0-1: Ball
1-1: Foul Ball, location: 2F
1-2: Foul Ball, location: 2F
1-2: Hit by Pitch
Batting: RHB Emílio Salas 0-0: Ball
1-0: Swinging Strike
1-1: Grounds into double play, 6-4-3 (Groundball, 6)
Batting: RHB Rafael Canales 0-0: Ball
1-0: Ball
2-0: Ball
3-0: Ground out 6-3 (Groundball, 6)
Bottom of the 3rd over - 0 run(s), 0 hit(s), 0 error(s), 0 left on base; Otsego 2 - Trenton 1
TOP OF THE 4TH
Otsego Bulldogs batting - Pitching for Trenton Stars : LHP Joseph Byrne
Batting: RHB Ramiro Chávez 0-0: Ball
1-0: Foul Ball, location: 2F
1-1: Ball
2-1: Foul Ball, location: 2F
2-2: Ball
3-2: Ground out U3 (Groundball, 3)
Batting: RHB Jim Beck 0-0: Ground out 5-3 (Groundball, 5)
Batting: RHB Kyung-bok Cho 0-0: SINGLE (Groundball, 34D)
Batting: RHB José Martínez 0-0: Ball
1-0: Ball
2-0: Fielders Choice at 2nd, 4-6 (Groundball, 4)
Top of the 4th over - 0 run(s), 1 hit(s), 0 error(s), 0 left on base; Otsego 2 - Trenton 1
BOTTOM OF THE 4TH
Trenton Stars batting - Pitching for Otsego Bulldogs : LHP Júlio Gracía
Batting: RHB Ángel Garza 0-0: Ball
1-0: Ball
2-0: Called Strike
2-1: Fly out, F9 (Line Drive, 9)
Batting: RHB Jonas Uttley 0-0: Called Strike
0-1: Called Strike
0-2: Ball
1-2: Ball
2-2: Foul Ball, location: 2F
2-2: Strikes out swinging
Batting: RHB Rob Bass 0-0: Ball
1-0: Foul Ball, location: 2F
1-1: Ball
2-1: Foul Ball, location: 2F
2-2: Ball
3-2: Ground out 5-3 (Groundball, 56)
Bottom of the 4th over - 0 run(s), 0 hit(s), 0 error(s), 0 left on base; Otsego 2 - Trenton 1
TOP OF THE 5TH
Otsego Bulldogs batting - Pitching for Trenton Stars : LHP Joseph Byrne
Batting: LHB Mario Cornelo 0-0: Ground out 4-3 (Groundball, 4)
Batting: RHB Ryosei Yamamoto 0-0: Called Strike
0-1: Ball
1-1: Fly out, F5 (Popup, 56S)
Batting: RHB Jorge Cisneros 0-0: Ball
1-0: Foul Ball, location: 2F
1-1: Swinging Strike
1-2: Ball
2-2: Foul Ball, location: 2F
2-2: Foul Ball, location: 2F
2-2: Strikes out looking
Top of the 5th over - 0 run(s), 0 hit(s), 0 error(s), 0 left on base; Otsego 2 - Trenton 1
BOTTOM OF THE 5TH
Trenton Stars batting - Pitching for Otsego Bulldogs : LHP Júlio Gracía
Batting: RHB Clancy Booker 0-0: Ball
1-0: Swinging Strike
1-1: Ball
2-1: Ball
3-1: Base on Balls
Batting: RHB Gabriel Villegas 0-0: Ball
1-0: Ball
2-0: Foul Ball, location: 2F
2-1: Fly out, F7 (Line Drive, 7)
Batting: RHB Kenji Murayama 0-0: Ball
1-0: Foul Ball, location: 2F
1-1: Ball
2-1: Ball
3-1: Grounds into double play, 5-4-3 (Groundball, 56)
Bottom of the 5th over - 0 run(s), 0 hit(s), 0 error(s), 0 left on base; Otsego 2 - Trenton 1
TOP OF THE 6TH
Otsego Bulldogs batting - Pitching for Trenton Stars : LHP Joseph Byrne
Batting: RHB Jesús Tisnado 0-0: Hit by Pitch
Batting: RHB Patrick Potts 0-0: Ball
1-0: Fly out, F5 (Line Drive, 5)
Batting: RHB Ramiro Chávez 0-0: Ball
1-0: DOUBLE (Flyball, 78XD)
Jesús Tisnado to third
Runner from 3rd tries for Home, SAFE, throw made at trailing runner, SAFE at third!
Batting: RHB Jim Beck 0-0: Called Strike
0-1: Called Strike
0-2: Ball
1-2: Foul Ball, location: 2F
1-2: Ball
2-2: SINGLE (Groundball, 56D)
Ramiro Chávez scores
Batting: RHB Kyung-bok Cho 0-0: Called Strike
0-1: Called Strike
0-2: Strikes out swinging
Batting: RHB José Martínez 0-0: Ball
1-0: Fly out, F8 (Flyball, 8RS)
Top of the 6th over - 2 run(s), 2 hit(s), 0 error(s), 1 left on base; Otsego 4 - Trenton 1
BOTTOM OF THE 6TH
Trenton Stars batting - Pitching for Otsego Bulldogs : LHP Júlio Gracía
Batting: SHB Nick Marshall 0-0: Called Strike
0-1: Ball
1-1: Ball
2-1: Ball
3-1: Ground out 4-3 (Groundball, 4)
Batting: RHB Emílio Salas 0-0: Called Strike
0-1: Foul Ball, location: 2F
0-2: Ball
1-2: Ball
2-2: Strikes out swinging
Batting: RHB Rafael Canales 0-0: Ground out 5-3 (Groundball, 5L)
Bottom of the 6th over - 0 run(s), 0 hit(s), 0 error(s), 0 left on base; Otsego 4 - Trenton 1
TOP OF THE 7TH
Otsego Bulldogs batting - Pitching for Trenton Stars : LHP Joseph Byrne
Batting: LHB Mario Cornelo 0-0: Swinging Strike
0-1: Ball
1-1: Called Strike
1-2: Ball
2-2: Ball
3-2: Strikes out looking
Batting: RHB Ryosei Yamamoto 0-0: Ball
1-0: Called Strike
1-1: Ball
2-1: Swinging Strike
2-2: Ball
3-2: Base on Balls
Batting: RHB Jorge Cisneros 0-0: Called Strike
0-1: Fly out, F9 (Flyball, 89S)
Batting: RHB Jesús Tisnado 0-0: Ground out 5-3 (Groundball, 56S)
Top of the 7th over - 0 run(s), 0 hit(s), 0 error(s), 1 left on base; Otsego 4 - Trenton 1
BOTTOM OF THE 7TH
Trenton Stars batting - Pitching for Otsego Bulldogs : LHP Júlio Gracía
Pitching: RHP Ricardo Trujillo
Batting: RHB Ángel Garza 0-0: Ball
1-0: Fly out, F8 (Flyball, 89XD)
Batting: RHB Jonas Uttley 0-0: Ball
1-0: Called Strike
1-1: Called Strike
1-2: Foul Ball, location: 2F
1-2: Ball
2-2: Fly out, F4 (Popup, 4)
Batting: RHB Rob Bass 0-0: Ball
1-0: Ball
2-0: Ball
3-0: Called Strike
3-1: Foul Ball, location: 2F
3-2: Base on Balls
Batting: RHB Clancy Booker 0-0: Ball
1-0: Called Strike
1-1: Called Strike
1-2: Ball
2-2: Foul Ball, location: 2F
2-2: Ball
3-2: 2-RUN HOME RUN (Flyball, 89XD), Distance : 391 ft
Batting: RHB Gabriel Villegas 0-0: Called Strike
0-1: Foul Ball, location: 2F
0-2: Foul Ball, location: 2F
0-2: Foul Ball, location: 2F
0-2: Ball
1-2: Strikes out swinging
Bottom of the 7th over - 2 run(s), 1 hit(s), 0 error(s), 0 left on base; Otsego 4 - Trenton 3
TOP OF THE 8TH
Otsego Bulldogs batting - Pitching for Trenton Stars : LHP Joseph Byrne
Batting: RHB Patrick Potts 0-0: Called Strike
0-1: DOUBLE (Flyball, 78D)
Pitching: RHP Gilberto Martínez
Batting: RHB Ramiro Chávez 0-0: Called Strike
0-1: Swinging Strike
0-2: Fly out, F9 (Flyball, 9LM)
Batting: RHB Jim Beck 0-0: Ball
Patrick Potts steals 3rd base
1-0: Ball
2-0: Called Strike
2-1: Fly out, F4 (Popup, 4D)
Batting: RHB Kyung-bok Cho 0-0: Ground out 6-3 (Groundball, 6)
Top of the 8th over - 0 run(s), 1 hit(s), 0 error(s), 1 left on base; Otsego 4 - Trenton 3
BOTTOM OF THE 8TH
Trenton Stars batting - Pitching for Otsego Bulldogs : RHP Ricardo Trujillo
Pitching: RHP Dave Johnston
Batting: RHB Kenji Murayama 0-0: Ball
1-0: Ball
2-0: Called Strike
2-1: Swinging Strike
2-2: Ball
3-2: Ground out 6-3 (Groundball, 6M)
Batting: SHB Nick Marshall 0-0: Ball
1-0: Fly out, F7 (Line Drive, 7)
Batting: RHB Emílio Salas 0-0: Ball
1-0: Ball
2-0: Ground out 1-3 (Groundball, 13)
Bottom of the 8th over - 0 run(s), 0 hit(s), 0 error(s), 0 left on base; Otsego 4 - Trenton 3
TOP OF THE 9TH
Otsego Bulldogs batting - Pitching for Trenton Stars : RHP Gilberto Martínez
Batting: RHB José Martínez 0-0: Called Strike
0-1: Called Strike
0-2: Foul Ball, location: 2F
0-2: Strikes out swinging
Batting: LHB Mario Cornelo 0-0: Foul Ball, location: 2F
0-1: Ball
1-1: Fly out, F8 (Flyball, 89D)
Batting: RHB Ryosei Yamamoto 0-0: Called Strike
0-1: Ball
1-1: Ball
2-1: Fly out, F9 (Flyball, 9)
Top of the 9th over - 0 run(s), 0 hit(s), 0 error(s), 0 left on base; Otsego 4 - Trenton 3
BOTTOM OF THE 9TH
Trenton Stars batting - Pitching for Otsego Bulldogs : RHP Dave Johnston
Pitching: RHP Matthew Scott
Now at 3B: Luis Maldonado
Now at SS: Fernando Pérez
Pinch Hitting: LHB Marvin Morris 0-0: Ball
1-0: Fly out, F4 (Line Drive, 4D)
Pinch Hitting: LHB Lee Burton 0-0: Called Strike
0-1: Swinging Strike
0-2: Fly out, F8 (Flyball, 8LM)
Pinch Hitting: LHB Ricardo Brandariz 0-0: Called Strike
0-1: Foul Ball, location: 2F
0-2: Strikes out swinging
Bottom of the 9th over - 0 run(s), 0 hit(s), 0 error(s), 0 left on base; Otsego 4 - Trenton 3
Thursday, March 30th, 2017 - OOTP Baseball 17.12 Build 75